 Dungeon Crawl Stone Soup version 0.29.1-15-g9cfb28693d (webtiles) character file.

Game seed: 1754133331848793962

4188 redmage the Thaumaturge (level 10, -3/69 HPs)
             Began as a Meteoran Earth Elementalist on Sept 11, 2023.
             Was a Believer of Sif Muna.
             Slain by an orc knight
             ... wielding a +0 halberd
              (25 damage)
             ... in a bailey.
             The game lasted 00:32:41 (2434 turns).

redmage the Thaumaturge (MeEE)                      Turns: 2434, Time: 00:32:42

Health: -3/69      AC:  6    Str: 11    XL:     10   Next: 83%
Magic:  8/25       EV: 12    Int: 20    God:    Sif Muna [**....]
Gold:   355        SH:  0    Dex: 15    Spells: 18/30 levels left

rFire   . . .      SeeInvis .   k - +3 dagger (flame)
rCold   + . .      Faith    +   (no shield)
rNeg    . . .      Spirit   .   a - +0 robe
rPois   .          Reflect  .   f - +2 helmet
rElec   .          Harm     .   (no cloak)
rCorr   .          Rampage  .   e - +0 pair of gloves
Will    .....                   (no boots)
Stlth   +.........              m - amulet of faith
HPRegen 0.21/turn               w - ring of protection from cold
MPRegen 0.19/turn               (no ring)

@: weak-willed, channelling, glowing
A: sense surroundings 2, otherworldly, glowing, explore regen
a: Renounce Religion, Channel Magic


You were in a bailey.
You worshipped Sif Muna.
Sif Muna was pleased with you.
You visited 3 branches of the dungeon, and saw 12 of its levels.
You also visited: Ossuary and Bailey.

You collected 470 gold pieces.
You spent 115 gold pieces at shops.

Inventory:

Hand Weapons
 k - a +3 dagger of flaming (weapon)
Missiles
 p - a curare-tipped dart
Armour
 a - a +0 robe (worn)
 e - a +0 pair of gloves (worn)
 f - a +2 helmet (worn)
Magical Staves
 v - a staff of air
Jewellery
 m - an amulet of faith (around neck)
 w - a ring of protection from cold (left hand)
Wands
 c - a wand of flame (15) (quivered)
Scrolls
 i - a scroll of blinking
 q - 2 scrolls of teleportation
 s - 3 scrolls of enchant weapon
Potions
 b - 2 potions of magic
 d - a potion of brilliance
 g - a potion of resistance
 j - 2 potions of might
 n - a potion of attraction {unknown}
 o - 5 potions of curing
 t - 4 potions of haste {unknown}
 u - a potion of heal wounds
 x - 2 potions of flight
 z - a potion of cancellation {unknown}
 A - 2 potions of experience {unknown}
 B - a potion of mutation {unknown}
 C - a potion of invisibility {unknown}


   Skills:
 + Level 1.1 Short Blades
 - Level 2.4 Dodging
 + Level 1.7 Stealth
 + Level 10.9 Spellcasting
 - Level 5.0 Conjurations
 - Level 5.0 Translocations
 - Level 1.2 Transmutations
 - Level 10.2 Earth Magic
 * Level 7.1 Invocations


You had 18 spell levels left.
You knew the following spells:

 Your Spells              Type           Power      Damage    Failure   Level
a - Sandblast             Erth           100%       2d20      1%          1
b - Passwall              Tmut/Erth      27%        N/A       1%          2
c - Stone Arrow           Conj/Erth      82%        3d12      1%          3
d - Petrify               Tmut/Erth      33%        N/A       6%          4
e - Blink                 Tloc           60%        N/A       1%          2

Your spell library contained the following spells:

 Spells                   Type           Power      Damage    Failure   Level
 Lesser Beckoning         Tloc           30%        N/A       2%          3
 Manifold Assault         Tloc           30%        N/A       22%         5


Dungeon Overview and Level Annotations

Branches:
Dungeon (10/15) Zot: 3921  Temple (1/1) D:6 Zot: 531    Lair (1/5) D:8 Zot: 582
Ossuary (visited)          Bailey (1/1) Zot: 388
    Orc: D:9-12

Altars:
Fedhas
Kikubaaqudgha
Nemelex Xobeh
Okawaru
Qazlal
Sif Muna
Trog
Uskayaw
Vehumet
Wu Jian
The Shining One

Shops:
D:1 *   D:4 **

Annotations:
D:3 2 transporters, Sapher's ghost, weakling OpTm


Innate Abilities, Weirdness & Mutations

You passively map the area around you.
You are easily found by Zot.
You glow in the dark.
You regain HP and MP as you explore.


Message History

You puncture the orc knight! You burn the orc knight.
The orc knight is moderately wounded.
The helpless orc knight fails to defend itself.
You hit the orc knight. You burn the orc knight.
The orc knight is moderately wounded.
Casting: Petrify (dangerous; 6% risk of failure)
Confirm with . or Enter, or press ? or * to list all spells.
Aiming: Stone Arrow (safe; 1% risk of failure)
Press: ? - help, Shift-Dir - straight line, f/p - orc knight
Aim: an orc knight, wielding a +0 halberd and wearing a +0 plate armour (moderately wounded, petrified, weak-willed, 100% to hit)
The stone arrow hits the orc knight!
The orc knight is heavily wounded.
Unknown command.
Casting: Stone Arrow (safe; 1% risk of failure)
Confirm with . or Enter, or press ? or * to list all spells.
Aiming: Stone Arrow (safe; 1% risk of failure)
Press: ? - help, Shift-Dir - straight line, f/p - orc knight
Aim: an orc knight, wielding a +0 halberd and wearing a +0 plate armour (heavily wounded, petrified, weak-willed, 100% to hit)
The stone arrow hits the orc knight!
The orc knight is heavily wounded.
Unknown command.
Casting: Stone Arrow (safe; 1% risk of failure)
Confirm with . or Enter, or press ? or * to list all spells.
Aiming: Stone Arrow (safe; 1% risk of failure)
Press: ? - help, Shift-Dir - straight line, f/p - orc knight
Aim: an orc knight, wielding a +0 halberd and wearing a +0 plate armour (heavily wounded, petrified, weak-willed, 100% to hit)
The stone arrow hits the orc knight!
The orc knight is heavily wounded.
Unknown command.
Casting: Stone Arrow (safe; 1% risk of failure)
Confirm with . or Enter, or press ? or * to list all spells.
Aiming: Stone Arrow (safe; 1% risk of failure)
Press: ? - help, Shift-Dir - straight line, f/p - orc knight
Aim: an orc knight, wielding a +0 halberd and wearing a +0 plate armour (heavily wounded, petrified, weak-willed, 100% to hit)
The stone arrow hits the orc knight!!
The orc knight is severely wounded.
Unknown command.
The orc knight is no longer petrified.
The orc knight hits you with a +0 halberd!!
You die...

####### ############
#.....## ##........∩.##
...b)..######.....#......#
o..##.)#....#....###.....#
..b.8.))))..'..o@.8.....∩#
..b##))#....#....###)....#
..b.)).######.....#).....#
#.....## ##..)).)..∩.##
####### ############


You could see an orc knight (weak-willed).

Vanquished Creatures
  A two-headed ogre (D:8)
  A rime drake (D:7)
  3 yaks
  A steam dragon (D:8)
  2 wargs (D:8)
  A water moccasin (D:9)
  An acid dragon (D:10)
  4 orc warriors (Bailey)
  An ice beast (D:7)
  3 ogres
  A boggart (D:8)
  2 centaurs
  3 kobold brigands
  A phantom (D:4)
  2 elf zombies (Ossuary)
  2 bullfrogs
  A wight (D:10)
  2 electric eels (D:10)
  A howler monkey (D:8)
  3 orc priests (D:8)
  2 gnoll boudas
  A human zombie (Ossuary)
  7 orc wizards
  An iguana (D:4)
  2 hound zombies (Ossuary)
  4 mummies (Ossuary)
  7 gnolls
  3 adders
  2 white imps
  2 dart slugs
  41 orcs
  3 ball pythons
  A bat (D:1)
  3 endoplasms
  2 giant cockroaches
  7 goblins
  4 hobgoblins
  4 jackals
  3 quokkas
  A gnoll zombie (Ossuary)
  A jackal zombie (Ossuary)
  13 kobolds
  3 kobold zombies (Ossuary)
  An orc zombie (Ossuary)
  A rat zombie (Ossuary)
155 creatures vanquished.

Vanquished Creatures (collateral kills)
  2 electric eels (D:10)
2 creatures vanquished.

Vanquished Creatures (others)
  A plant (D:8)
1 creature vanquished.

Grand Total: 158 creatures vanquished

Notes
Turn   | Place    | Note
-------+----------+-------------------------------------------
     0 | D:1      | redmage the Meteoran Earth Elementalist began the quest for
                  | the Orb.
     0 | D:1      | Reached XP level 1. HP: 14/14 MP: 5/5
    40 | D:1      | Found Zoqas's Assorted Antiques.
    65 | D:1      | Reached XP level 2. HP: 20/20 MP: 4/7
    71 | D:1      | Learned a level 2 spell: Passwall
   137 | D:3      | Found a stormy altar of Qazlal.
   189 | D:3      | Reached XP level 3. HP: 16/26 MP: 4/8
   193 | D:3      | Learned a level 3 spell: Stone Arrow
   216 | D:3      | Noticed a necrophage
   217 | D:3      | Found a transporter.
   217 | D:3      | Noticed Sapher's ghost (weakling OpTm)
   238 | D:3      | Found a transporter.
   271 | D:2      | Reached skill level 1 in Conjurations
   389 | D:4      | Reached XP level 4. HP: 33/33 MP: 6/10
   410 | D:4      | Reached XP level 5. HP: 33/38 MP: 2/12
   417 | D:4      | Learned a level 2 spell: Blink
   526 | D:4      | Noticed a phantom
   535 | D:4      | Killed a phantom
   536 | D:4      | Reached skill level 1 in Translocations
   536 | D:4      | Reached skill level 5 in Earth Magic
   536 | D:4      | Reached XP level 6. HP: 26/45 MP: 5/13
   551 | D:4      | Found a hide-covered altar of Uskayaw.
   735 | D:4      | Noticed an ogre
   739 | D:4      | Killed an ogre
   772 | D:4      | Reached XP level 7. HP: 50/50 MP: 13/15
   778 | D:5      | Entered Level 5 of the Dungeon
   814 | D:4      | Found a glowing golden altar of the Shining One.
   846 | D:4      | Found Liffots's General Store.
   848 | D:4      | Found Erakeowk's Specific Store.
   855 | D:4      | Bought a scroll of magic mapping for 75 gold pieces
   855 | D:4      | Bought a scroll of butterflies for 40 gold pieces
   977 | D:6      | Reached skill level 5 in Spellcasting
   977 | D:6      | Reached skill level 5 in Conjurations
  1015 | D:7      | Reached XP level 8. HP: 43/57 MP: 3/17
  1170 | D:7      | Noticed Duvessa
  1170 | D:7      | Noticed Dowan
  1184 | D:7      | Noticed Duvessa
  1184 | D:7      | Duvessa changed into Duvessa the rime drake
  1191 | D:7      | Killed Duvessa the rime drake
  1193 | D:7      | Noticed Dowan
  1193 | D:7      | Dowan changed into Dowan the jackal
  1195 | D:7      | Killed Dowan the jackal
  1212 | D:7      | Reached skill level 5 in Translocations
  1212 | D:7      | Gained mutation: You passively map the area around you.
                  | [Meteoran growth]
  1212 | D:7      | Reached XP level 9. HP: 21/62 MP: 5/20
  1229 | D:7      | Found a sand-covered staircase.
  1234 | Ossuary  | Entered an ossuary
  1472 | D:6      | Found a staircase to the Ecumenical Temple.
  1480 | Temple   | Entered the Ecumenical Temple
  1528 | Temple   | Became a worshipper of Sif Muna the Loreminder
  1594 | D:8      | Noticed a two-headed ogre
  1599 | D:8      | Killed a two-headed ogre
  1790 | D:8      | Reached XP level 10. HP: 65/69 MP: 20/24
  1809 | D:8      | Found a staircase to the Lair.
  1835 | D:8      | Reached skill level 10 in Earth Magic
  1927 | Lair:1   | Entered Level 1 of the Lair of Beasts
  1932 | Lair:1   | Reached skill level 1 in Invocations
  1932 | Lair:1   | Noticed a black mamba
  1936 | Lair:1   | Noticed a cane toad
  1938 | Lair:1   | Reached skill level 10 in Spellcasting
  1976 | D:9      | Reached * piety under Sif Muna
  2001 | D:9      | Reached skill level 5 in Invocations
  2004 | D:10     | Entered Level 10 of the Dungeon
  2045 | D:9      | Learned a level 4 spell: Petrify
  2131 | D:10     | HP: 1/69 [electric eel/bolt of electricity (12)]
  2140 | D:10     | HP: 3/69 [electric eel/bolt of electricity (12)]
  2226 | D:10     | Found a flagged portal.
  2236 | Bailey   | Entered a bailey
  2245 | Bailey   | Reached ** piety under Sif Muna
  2337 | Bailey   | Noticed an orc knight
  2342 | Bailey   | Noticed an orc knight
  2391 | Bailey   | Reached skill level 1 in Short Blades
  2434 | Bailey   | Slain by an orc knight

Illustrated notes

Levels and vault maps discovered:
D:1:      lemuel_arrival_broad_hall, layout_basic, serial_shops, shop,
          hellmonk_ecumenical_altar_slurped_away, roderic_roman_lattice
D:2:      layout_basic, dreamdust_princess_corridor, serial_bayou_pond_e
D:3:      layout_basic, amcnicky_altar_gilded, gammafunk_ghost_arena
D:4:      layout_loops_corners, tso_oasis_becter, mainiacjoe_overflow_alcove_1,
          nicolae_specific_store
D:5:      layout_basic, amethyst_killhole
D:6:      layout_cave_pods, minmay_temple_entry_glassed_door
D:7:      minmay_the_grid_triangle_9x9_rhombus_full
          [minmay_the_grid_triangle_9x9_steps,
          minmay_the_grid_triangle_9x9_fully_insulated_deathbox,
          minmay_the_grid_triangle_9x9_alien,
          minmay_the_grid_triangle_9x9_subtriangle,
          minmay_the_grid_triangle_9x9_from_above,
          minmay_the_grid_triangle_9x9_pentomino_pain,
          minmay_the_grid_triangle_9x9_skeleton,
          minmay_the_grid_triangle_9x9_prize_schism], layout_rooms,
          enter_ossuary_2, nicolae_titane, uniq_duvessa
D:8:      layout_loops_ring, erik_lair_orcish_takeover
D:9:      layout_rooms, xom_butterflies, grunt_decor_arrowhead
D:10:     erik_rubicon_a, layout_cave_pools, enter_bailey_3, uniq_fannar
Temple:   hc_temple_tempest_star
Lair:1:   gammafunk_indiana_jones, layout_small_grid,
          nicolae_lair_run_with_the_wolves, lemuel_fruit_tree
Bailey:   bailey_polearm_5, bailey

Skill      XL: |  1  2  3  4  5  6  7  8  9 10 |
---------------+-------------------------------+-----
Spellcasting   | 3 4 5 6 9 10 | 10.9
Earth Magic    | 4 5 6 7 9 10 | 10.2
Conjurations   | 1 2 3 4 5 |  5.0
Translocations | 1 2 3 5 |  5.0
Invocations    | 7 |  7.1
Short Blades   | 1 |  1.1
Dodging        | |  2.4
Stealth        | |  1.7
Transmutations | |  1.2

Action                   |  1- 3 |  4- 6 |  7- 9 | 10-12 || total
-------------------------+-------+-------+-------+-------++-------
Melee: Dagger            |       |       |       |     5 ||     5
 Cast: Sandblast         |    29 |    30 |    94 |    70 ||   223
       Passwall          |     1 |     1 |     3 |     1 ||     6
       Stone Arrow       |       |     4 |    26 |    29 ||    59
       Petrify           |       |       |       |     8 ||     8
       Blink             |       |       |       |     3 ||     3
Invok: Channel Magic     |       |       |       |     3 ||     3
Evoke: Wand              |       |       |     6 |     5 ||    11
  Use: Scroll            |       |     6 |     8 |     4 ||    18
       Potion            |       |       |     1 |     4 ||     5
 Stab: Petrified         |       |       |       |     5 ||     5
Armor: Robe              |     5 |       |    43 |    18 ||    66
Dodge: Dodged            |     8 |     3 |    59 |    29 ||    99
